Sasquatch vs Punishers
(R1)
Created - April 10, 2019 at 19:00
Goals
|
| Sasquatch |
4 |
3 |
3 |
10 |
| Punishers |
1 |
0 |
2 |
3 |
|
Shots
|
| Sasquatch |
17 |
11 |
17 |
45 |
| Punishers |
7 |
13 |
8 |
28 |
|
1st period
1. Sasquatch , Sergey Kalinin 15 (Teemu Hartikainen 15, Brett Pesce 8) at 2:02
2. Sasquatch , Jesper Fast 37 (Drew Shore 60, Ryan Dzingel 8) at 9:58
3. Sasquatch , Devin Shore 13 (Nicolas Deslauriers 9, Andrew Campbell 10) at 19:09
4. Punishers , Andreas Athanasiou 10 (Garret Ross 17, Stefan Elliott 30) at 19:40
5. Sasquatch , Drew Shore 40 (Dougie Hamilton 73, Ryan Dzingel 9) at 19:53
Penalties :
Carter Ashton (Pro) for Roughing (Minor) at 6:01, Drew Shore (Gat) for Tripping (Minor) at 11:00
2nd period
6. Sasquatch , Jesper Fast 38 (Dougie Hamilton 74, Andrew Campbell 11) at 4:36 (PP)
7. Sasquatch , Drew Shore 41 (Ryan Dzingel 10) at 6:52 (PP)
8. Sasquatch , Ryan Dzingel 7 (Drew Shore 61, Jesper Fast 44) at 9:40
Penalties :
Garret Ross (Pro) for Tripping (Minor) at 4:20, Freddie Hamilton (Pro) for Hooking (Minor) at 5:23, Nicolas Deslauriers (Gat) for Roughing (Minor) at 14:29
3rd period
9. Punishers , Tyler Bertuzzi 11 (Miikka Salomaki 30, David Laliberté 41) at 3:00
10. Punishers , Freddie Hamilton 4 (Mattias Tedenby 51, Stefan Elliott 31) at 14:12
11. Sasquatch , Slava Voynov 4 (Drew Shore 62, Ryan Dzingel 11) at 15:35 (PP)
12. Sasquatch , Jesper Fast 39 (Drew Shore 63, Dougie Hamilton 75) at 17:27
13. Sasquatch , Drew Shore 42 (Jesper Fast 45) at 19:45
Penalties :
Madison Bowey (Pro) for Roughing (Minor) at 15:30
Goalie Stats
Corey Crawford (Gat), 25 saves from 28 shots - (0.893), W, 15-17-3, 60:00 minutes
Louis Domingue (Pro), 13 saves from 17 shots - (0.765), L, 16-15-1, 19:53 minutes
Daniel Altshuller (Pro), 22 saves from 28 shots - (0.786), 40:07 minutes
Players Stats for Sasquatch
Player Name G A P +/- PIM S H SB GA TA FO MP PP MP PK MP
------------------------------------------------------------------------------------
Andrew Campbell 0 2 2 4 0 1 2 0 0 0 0/0 27:42 2:32 2:14
Brett Pesce 0 1 1 0 0 0 0 0 0 0 0/0 14:36 0:00 0:00
David Desharnais 0 0 0 -1 0 0 2 0 0 0 2/4 8:37 0:00 0:00
Devin Shore 1 0 1 0 0 4 0 0 0 0 2/7 13:09 1:41 0:12
Dougie Hamilton 0 3 3 4 0 2 2 2 2 1 0/0 27:42 2:32 2:14
Drew Shore 3 4 7 5 2 8 2 0 0 1 22/38 20:53 2:07 1:10
Jesper Fast 3 2 5 5 0 7 0 0 1 0 2/3 19:36 2:07 0:00
Josh Morrissey 0 0 0 0 0 0 1 1 0 2 0/0 15:56 1:17 0:00
Martin Marincin 0 0 0 0 0 3 2 1 0 2 0/0 16:22 0:00 1:44
Matt Halischuk 0 0 0 0 0 3 2 0 0 1 0/0 16:02 1:41 0:00
Nicolas Deslauriers 0 1 1 0 2 2 0 1 0 0 1/1 12:39 0:01 0:59
Patrick Maroon 0 0 0 -1 0 1 2 1 0 0 0/0 10:37 1:41 0:40
Petr Straka 0 0 0 0 0 0 0 1 2 0 0/2 13:35 0:01 1:54
Ryan Dzingel 1 4 5 5 0 5 2 1 0 1 4/4 21:32 2:07 1:29
Sergey Kalinin 1 0 1 0 0 2 6 1 0 0 6/12 16:22 0:01 1:32
Slava Voynov 1 0 1 0 0 3 0 0 0 1 0/0 17:42 1:17 1:44
Sven Andrighetto 0 0 0 -1 0 0 2 1 0 0 0/0 8:37 0:00 0:00
Teemu Hartikainen 0 1 1 0 0 4 1 0 0 0 0/0 14:21 0:00 0:00
Players Stats for Punishers
Player Name G A P +/- PIM S H SB GA TA FO MP PP MP PK MP
------------------------------------------------------------------------------------
Adam Pelech 0 0 0 -2 0 3 1 2 2 0 0/0 26:52 2:25 2:30
Andreas Athanasiou 1 0 1 -3 0 2 3 1 0 0 15/33 20:12 1:58 0:07
Ben Betker 0 0 0 -1 0 0 0 0 0 0 0/0 4:07 0:00 0:00
Carter Ashton 0 0 0 0 2 2 0 0 0 0 1/3 5:58 0:13 0:00
Dan Bertram 0 0 0 -1 0 1 0 0 1 1 0/0 10:28 0:13 1:17
David Laliberté 0 1 1 -3 0 5 3 0 1 1 3/8 27:19 1:58 1:59
Dylan DeMelo 0 0 0 -1 0 0 0 0 0 0 0/0 4:07 0:00 0:00
Freddie Hamilton 1 0 1 0 2 2 1 1 0 0 8/16 16:47 1:47 0:00
Garret Ross 0 1 1 -3 2 2 3 0 0 0 2/3 20:04 1:58 0:00
John Macfarland 0 0 0 -1 0 0 0 0 0 0 0/0 8:21 0:00 0:19
Jordan Schmaltz 0 0 0 0 0 0 0 1 0 1 0/0 18:39 1:33 1:19
Madison Bowey 0 0 0 -1 2 0 0 0 0 2 0/0 10:21 0:00 0:00
Mattias Tedenby 0 1 1 -1 0 2 2 0 2 0 1/1 24:03 1:47 2:00
Michael Joly 0 0 0 0 0 0 0 0 0 0 0/0 3:58 0:13 0:00
Miikka Salomaki 0 1 1 0 0 1 1 0 1 0 1/4 11:24 0:00 1:17
Nikita Gusev 0 0 0 0 0 4 0 0 0 0 1/3 16:48 1:47 0:00
Patrick Wiercioch 0 0 0 0 0 0 3 0 1 0 0/0 18:39 1:33 1:19
Stefan Elliott 0 2 2 -2 0 3 0 1 0 0 0/0 26:52 2:25 2:30
Trevor Van Riemsdyk 0 0 0 -1 0 0 0 1 0 0 0/0 10:22 0:00 0:00
Tyler Bertuzzi 1 0 1 0 0 1 0 1 1 0 0/0 10:46 0:00 0:39
3 Stars
1 - Drew Shore (Gat)
2 - Jesper Fast (Gat)
3 - Ryan Dzingel (Gat)
Power Play
Sasquatch - 3 on 4 Attempt(s) - 75.00%
Punishers - 0 on 2 Attempt(s) - 0.00%
Penalty Kill
Sasquatch - 2 on 2 Attempt(s) - 100.00%
- Score 0 goal in Penalty Kill
Punishers - 1 on 4 Attempt(s) - 25.00%
- Score 0 goal in Penalty Kill
Team Stat
Sasquatch - Hits : 26 - Faceoff Wins : 39 - Blocked Shots : 10 - Penalty Minutes : 4
Punishers - Hits : 17 - Faceoff Wins : 32 - Blocked Shots : 8 - Penalty Minutes : 8
Official
Referees : Unknown
Linesman : Unknown
Game Notes
Daniel Altshuller enters game at 19:53 of 1st period
Jesper Fast has scored a Hat Trick!
Drew Shore has scored a Hat Trick!
Finance
Level 1 -- Attendance: 1420 (71.00%) -- Ticket Income $56,800
Level 2 -- Attendance: 685 (68.50%) -- Ticket Income $13,700
Total Attendance: 2105 (70.17%)
Total Ticket Income: $70,500
Other Income: $3,525
Total Income: $74,025
Sasquatch
5 vs 5 Forward
Center Left Wing Right Wing Time % Phy DF OF
1 Drew Shore Ryan Dzingel Jesper Fast 40 1 2 2
2 Sergey Kalinin Teemu Hartikainen Matt Halischuk 30 1 2 2
3 Devin Shore Nicolas Deslauriers Petr Straka 20 1 2 2
4 David Desharnais Patrick Maroon Sven Andrighetto 10 1 2 2
5 vs 5 Defense
Defense Defense Time % Phy DF OF
1 Dougie Hamilton Andrew Campbell 40 1 2 2
2 Martin Marincin Slava Voynov 30 1 2 2
3 Josh Morrissey Brett Pesce 20 1 2 2
4 Dougie Hamilton Andrew Campbell 10 1 2 2
PowerPlay Forward
Center Left Wing Right Wing Time % Phy DF OF
1 Drew Shore Ryan Dzingel Jesper Fast 60 1 2 2
2 Devin Shore Patrick Maroon Matt Halischuk 40 1 2 2
PowerPlay Defense
Defense Defense Time % Phy DF OF
1 Dougie Hamilton Andrew Campbell 60 1 2 2
2 Josh Morrissey Slava Voynov 40 1 2 2
Penalty Kill 4 Players Forward
Center Wing Time % Phy DF OF
1 Drew Shore Nicolas Deslauriers 60 1 2 2
2 Sergey Kalinin Teemu Hartikainen 40 1 2 2
Penalty Kill 4 Players Defense
Defense Defense Time % Phy DF OF
1 Dougie Hamilton Andrew Campbell 60 1 2 2
2 Martin Marincin Slava Voynov 40 1 2 2
Penalty Kill - 3 Players Forward
Forward Time % Phy DF OF
1 Drew Shore 60 1 2 2
2 Sergey Kalinin 40 1 2 2
Penalty Kill - 3 Players Defense
Defense Defense Time % Phy DF OF
1 Dougie Hamilton Andrew Campbell 60 1 2 2
2 Martin Marincin Slava Voynov 40 1 2 2
4 vs 4 Forward
Center Wing Time % Phy DF OF
1 Drew Shore Ryan Dzingel 60 1 2 2
2 David Desharnais Jesper Fast 40 1 2 2
4 vs 4 Defense
Defense Defense Time % Phy DF OF
1 Dougie Hamilton Andrew Campbell 60 1 2 2
2 Martin Marincin Slava Voynov 40 1 2 2
Last Minutes Offensive
Center Left Wing Right Wing Defense Defense
Drew Shore Ryan Dzingel Matt Halischuk Dougie Hamilton Andrew Campbell
Last Minutes Defensive
Center Left Wing Right Wing Defense Defense
Drew Shore Teemu Hartikainen Matt Halischuk Dougie Hamilton Andrew Campbell
Goaltenders
Starting : Corey Crawford
Backup : Joonas Korpisalo
Extra Forwards
Normal : Sergey Kalinin, Devin Shore, Petr Straka - PP : Sergey Kalinin, Devin Shore - PK : Petr Straka
Extra Defensemen
Normal : Josh Morrissey, Brett Pesce, Martin Marincin - PP : Josh Morrissey - PK : Brett Pesce, Martin Marincin
Penalty Shots
Ryan Dzingel, Devin Shore, Matt Halischuk, Petr Straka, Patrick Maroon
Scratches
Brock Trotter (Healthy), T.J. Tynan (Healthy), Patrick Wey (Sprained Left Knee Injury), Ty Rattie (Healthy), Cal Petersen (Healthy)
Punishers
5 vs 5 Forward
Center Left Wing Right Wing Time % Phy DF OF
1 Andreas Athanasiou Garret Ross David Laliberté 40 1 2 2
2 Freddie Hamilton Nikita Gusev Mattias Tedenby 30 1 2 2
3 David Laliberté Tyler Bertuzzi Miikka Salomaki 20 1 2 2
4 Mattias Tedenby John Macfarland Dan Bertram 10 1 2 2
5 vs 5 Defense
Defense Defense Time % Phy DF OF
1 Stefan Elliott Adam Pelech 40 1 2 2
2 Jordan Schmaltz Patrick Wiercioch 30 1 2 2
3 Madison Bowey Trevor Van Riemsdyk 20 1 2 2
4 Dylan DeMelo Ben Betker 10 1 2 2
PowerPlay Forward
Center Left Wing Right Wing Time % Phy DF OF
1 Andreas Athanasiou Garret Ross David Laliberté 60 1 2 2
2 Freddie Hamilton Nikita Gusev Mattias Tedenby 40 1 2 2
PowerPlay Defense
Defense Defense Time % Phy DF OF
1 Stefan Elliott Adam Pelech 60 1 2 2
2 Jordan Schmaltz Patrick Wiercioch 40 1 2 2
Penalty Kill 4 Players Forward
Center Wing Time % Phy DF OF
1 David Laliberté Mattias Tedenby 60 1 2 2
2 Miikka Salomaki Dan Bertram 40 1 2 2
Penalty Kill 4 Players Defense
Defense Defense Time % Phy DF OF
1 Stefan Elliott Adam Pelech 60 1 2 2
2 Jordan Schmaltz Patrick Wiercioch 40 1 2 2
Penalty Kill - 3 Players Forward
Forward Time % Phy DF OF
1 David Laliberté 60 1 2 2
2 Mattias Tedenby 40 1 2 2
Penalty Kill - 3 Players Defense
Defense Defense Time % Phy DF OF
1 Stefan Elliott Adam Pelech 60 1 2 2
2 Jordan Schmaltz Patrick Wiercioch 40 1 2 2
4 vs 4 Forward
Center Wing Time % Phy DF OF
1 David Laliberté Mattias Tedenby 60 1 2 2
2 Miikka Salomaki Dan Bertram 40 1 2 2
4 vs 4 Defense
Defense Defense Time % Phy DF OF
1 Stefan Elliott Adam Pelech 60 1 2 2
2 Jordan Schmaltz Patrick Wiercioch 40 1 2 2
Last Minutes Offensive
Center Left Wing Right Wing Defense Defense
Andreas Athanasiou Garret Ross David Laliberté Stefan Elliott Adam Pelech
Last Minutes Defensive
Center Left Wing Right Wing Defense Defense
Andreas Athanasiou Garret Ross David Laliberté Stefan Elliott Adam Pelech
Goaltenders
Starting : Louis Domingue
Backup : Daniel Altshuller
Extra Forwards
Normal : Carter Ashton, Michael Joly, Tyler Bertuzzi - PP : Carter Ashton, Michael Joly - PK : Tyler Bertuzzi
Extra Defensemen
Normal : Madison Bowey, Trevor Van Riemsdyk, Dylan DeMelo - PP : Madison Bowey - PK : Trevor Van Riemsdyk, Dylan DeMelo
Penalty Shots
David Laliberté, Mattias Tedenby, Miikka Salomaki, Dan Bertram, Garret Ross
Scratches
Radek Faksa (Herniated Disc Injury), Robbie Earl (Broken Bone (Right Ankle) Injury), Colton Gillies (Right Foot Injury), Zack Hamill (Strained Right Elbow Injury)
% Time on Ice - Sasquatch
Lines # - Real PCT - Wanted PCT - Time Play
Normal Forward
1 - 35% - 40% - 18:05
2 - 27% - 30% - 14:21
3 - 21% - 20% - 11:10
4 - 17% - 10% - 8:37
Normal Defense
1 - 39% - 40% - 20:21
2 - 28% - 30% - 14:41
3 - 28% - 20% - 14:36
4 - 5% - 10% - 2:35
PP Forward
1 - 56% - 60% - 2:08
2 - 44% - 40% - 1:41
PP Defense
1 - 66% - 60% - 2:32
2 - 34% - 40% - 1:17
PK Forward
1 - 100% - 60% - 3:58
2 - 0% - 40% - 0:00
PK Defense
1 - 56% - 60% - 2:14
2 - 44% - 40% - 1:44
PK3 Forward
1 - 0% - 60%
2 - 0% - 40%
PK3 Defense
1 - 0% - 60%
2 - 0% - 40%
44 Forward
1 - 0% - 60%
2 - 0% - 40%
44 Defense
1 - 0% - 60%
2 - 0% - 40%
Last Minute Offensive - 0:00
Last Minute Defensive - 0:00
Total
Forward - 60:00
Defense - 60:00
|
% Time on Ice - Punishers
Lines # - Real PCT - Wanted PCT - Time Play
Normal Forward
1 - 36% - 40% - 19:03
2 - 29% - 30% - 15:01
3 - 19% - 20% - 10:07
4 - 15% - 10% - 8:02
Normal Defense
1 - 42% - 40% - 21:57
2 - 30% - 30% - 15:47
3 - 20% - 20% - 10:22
4 - 8% - 10% - 4:07
PP Forward
1 - 55% - 60% - 2:11
2 - 45% - 40% - 1:47
PP Defense
1 - 61% - 60% - 2:25
2 - 39% - 40% - 1:33
PK Forward
1 - 66% - 60% - 2:32
2 - 34% - 40% - 1:17
PK Defense
1 - 66% - 60% - 2:30
2 - 34% - 40% - 1:19
PK3 Forward
1 - 0% - 60%
2 - 0% - 40%
PK3 Defense
1 - 0% - 60%
2 - 0% - 40%
44 Forward
1 - 0% - 60%
2 - 0% - 40%
44 Defense
1 - 0% - 60%
2 - 0% - 40%
Last Minute Offensive - 0:00
Last Minute Defensive - 0:00
Total
Forward - 60:00
Defense - 60:00
|
Play-by-Play
1st period
0:01 of 1st period - Garret Ross wins face-off versus Drew Shore in neutral zone.
0:10 of 1st period - Slapshot by Garret Ross.
0:10 of 1st period - Shot Blocked by Dougie Hamilton.
0:40 of 1st period - Nikita Gusev is hit by Matt Halischuk and loses puck.
1:22 of 1st period - Snap shot by Sven Andrighetto.
1:22 of 1st period - Shot Misses the Net.
1:24 of 1st period - Slapshot by Ryan Dzingel.
1:24 of 1st period - Stopped by Louis Domingue without a rebound.
1:25 of 1st period - Andreas Athanasiou wins face-off versus Drew Shore in Punishers zone.
1:49 of 1st period - Brett Pesce is hit by Patrick Wiercioch and loses puck.
2:02 of 1st period - Snap shot by Teemu Hartikainen.
2:02 of 1st period - Deflect By Sergey Kalinin.
2:02 of 1st period - Goal by Sergey Kalinin - Sasquatch : 1 - Punishers : 0.
2:03 of 1st period - Andreas Athanasiou wins face-off versus Sergey Kalinin in neutral zone.
3:21 of 1st period - Sergey Kalinin is hit by Garret Ross and loses puck.
3:32 of 1st period - Wrist shot by Petr Straka.
3:32 of 1st period - Shot Misses the Net.
3:34 of 1st period - Slapshot by Martin Marincin.
3:34 of 1st period - Deflect By David Laliberté.
3:34 of 1st period - Stopped by Louis Domingue without a rebound.
3:35 of 1st period - Devin Shore wins face-off versus Miikka Salomaki in Punishers zone.
3:38 of 1st period - Snap shot by Petr Straka.
3:38 of 1st period - Shot Misses the Net.
3:48 of 1st period - Wrist shot by Nicolas Deslauriers.
3:48 of 1st period - Shot Misses the Net.
3:50 of 1st period - Slapshot by Dougie Hamilton.
3:50 of 1st period - Stopped by Louis Domingue without a rebound.
3:51 of 1st period - Drew Shore wins face-off versus Freddie Hamilton in Punishers zone.
3:58 of 1st period - Backhand shot by Drew Shore.
3:58 of 1st period - Shot Misses the Net.
4:54 of 1st period - Wrist shot by Nicolas Deslauriers.
4:54 of 1st period - Shot Misses the Net.
4:56 of 1st period - Snap shot by Petr Straka.
4:56 of 1st period - Shot Misses the Net.
4:58 of 1st period - Snap shot by Devin Shore.
4:58 of 1st period - Stopped by Louis Domingue with a rebound.
5:00 of 1st period - Snap shot by Devin Shore.
5:00 of 1st period - Stopped by Louis Domingue with a rebound.
5:12 of 1st period - Snap shot by Mattias Tedenby.
5:12 of 1st period - Deflect By Drew Shore.
5:12 of 1st period - Stopped by Corey Crawford with a rebound.
5:14 of 1st period - Slapshot by Dylan DeMelo.
5:14 of 1st period - Shot Misses the Net.
5:16 of 1st period - Wrist shot by Ben Betker.
5:16 of 1st period - Shot Misses the Net.
5:52 of 1st period - Andreas Athanasiou is hit by Patrick Maroon and loses puck.
6:01 of 1st period - Minor Penalty to Carter Ashton for Roughing.
6:02 of 1st period - David Laliberté wins face-off versus Jesper Fast in Punishers zone.
6:02 of 1st period - David Laliberté is hit by Ryan Dzingel.
8:01 of 1st period - Penalty to Carter Ashton is over, Carter Ashton is back on ice.
8:46 of 1st period - Snap shot by David Laliberté.
8:46 of 1st period - Stopped by Corey Crawford without a rebound.
8:47 of 1st period - David Desharnais wins face-off versus David Laliberté in Sasquatch zone.
8:47 of 1st period - David Desharnais is hit by David Laliberté.
9:32 of 1st period - Icing by Sergey Kalinin.
9:33 of 1st period - Andreas Athanasiou wins face-off versus Sergey Kalinin in Sasquatch zone.
9:50 of 1st period - Snap shot by Matt Halischuk.
9:50 of 1st period - Stopped by Louis Domingue with a rebound.
9:52 of 1st period - Wrist shot by Teemu Hartikainen.
9:52 of 1st period - Deflect By Garret Ross.
9:52 of 1st period - Shot Misses the Net.
9:52 of 1st period - Puck is out of play.
9:53 of 1st period - Ryan Dzingel wins face-off versus Nikita Gusev in Punishers zone.
9:58 of 1st period - Wrist shot by Jesper Fast.
9:58 of 1st period - Goal by Jesper Fast - Sasquatch : 2 - Punishers : 0.
9:59 of 1st period - Drew Shore wins face-off versus David Laliberté in neutral zone.
10:24 of 1st period - Adam Pelech is hit by Sergey Kalinin and loses puck.
10:29 of 1st period - Wrist shot by Matt Halischuk.
10:29 of 1st period - Shot Blocked by Adam Pelech.
10:31 of 1st period - Snap shot by Matt Halischuk.
10:31 of 1st period - Stopped by Louis Domingue with a rebound.
10:44 of 1st period - Icing by David Laliberté.
10:45 of 1st period - Miikka Salomaki wins face-off versus Devin Shore in Punishers zone.
10:57 of 1st period - Off-side.
10:58 of 1st period - Drew Shore wins face-off versus Andreas Athanasiou in neutral zone.
11:00 of 1st period - Minor Penalty to Drew Shore for Tripping.
11:01 of 1st period - Andreas Athanasiou wins face-off versus Petr Straka in Sasquatch zone.
11:01 of 1st period - Snap shot by David Laliberté.
11:01 of 1st period - Stopped by Corey Crawford without a rebound.
11:02 of 1st period - Andreas Athanasiou wins face-off versus Petr Straka in Sasquatch zone.
11:05 of 1st period - Slapshot by Stefan Elliott.
11:05 of 1st period - Shot Blocked by Nicolas Deslauriers.
11:27 of 1st period - Mattias Tedenby is hit by Sergey Kalinin and loses puck.
13:00 of 1st period - Penalty to Drew Shore is over, Drew Shore is back on ice.
13:05 of 1st period - Icing by Dan Bertram.
13:06 of 1st period - David Desharnais wins face-off versus Carter Ashton in Punishers zone.
13:07 of 1st period - Snap shot by Patrick Maroon.
13:07 of 1st period - Shot Misses the Net.
13:31 of 1st period - Wrist shot by Stefan Elliott.
13:31 of 1st period - Shot Blocked by Patrick Maroon.
13:33 of 1st period - Snap shot by Stefan Elliott.
13:33 of 1st period - Stopped by Corey Crawford without a rebound.
13:34 of 1st period - Jesper Fast wins face-off versus Andreas Athanasiou in Sasquatch zone.
13:34 of 1st period - Jesper Fast is hit by Andreas Athanasiou.
14:24 of 1st period - Patrick Wiercioch is hit by Martin Marincin and loses puck.
15:17 of 1st period - Off-side.
15:18 of 1st period - Sergey Kalinin wins face-off versus Freddie Hamilton in neutral zone.
15:30 of 1st period - Snap shot by Matt Halischuk.
15:30 of 1st period - Shot Misses the Net.
15:32 of 1st period - Slapshot by Andrew Campbell.
15:32 of 1st period - Deflect By Mattias Tedenby.
15:32 of 1st period - Stopped by Louis Domingue without a rebound.
15:33 of 1st period - Drew Shore wins face-off versus Andreas Athanasiou in Punishers zone.
15:36 of 1st period - Wrist shot by Jesper Fast.
15:36 of 1st period - Shot Misses the Net.
15:40 of 1st period - Snap shot by Jesper Fast.
15:40 of 1st period - Shot Blocked by Adam Pelech.
15:42 of 1st period - Snap shot by Dougie Hamilton.
15:42 of 1st period - Deflect By Ryan Dzingel.
15:42 of 1st period - Shot Misses the Net.
15:42 of 1st period - Puck is out of play.
15:43 of 1st period - Drew Shore wins face-off versus Andreas Athanasiou in Punishers zone.
16:06 of 1st period - Slapshot by Jesper Fast.
16:06 of 1st period - Stopped by Louis Domingue without a rebound.
16:07 of 1st period - Freddie Hamilton wins face-off versus Sergey Kalinin in Punishers zone.
16:07 of 1st period - Freddie Hamilton is hit by Josh Morrissey.
16:20 of 1st period - Jordan Schmaltz is hit by Teemu Hartikainen and loses puck.
16:33 of 1st period - Nicolas Deslauriers is hit by Patrick Wiercioch and loses puck.
16:38 of 1st period - Snap shot by Miikka Salomaki.
16:38 of 1st period - Shot Blocked by Petr Straka.
16:40 of 1st period - Snap shot by David Laliberté.
16:40 of 1st period - Stopped by Corey Crawford with a rebound.
17:19 of 1st period - David Laliberté is hit by Sven Andrighetto and loses puck.
17:24 of 1st period - Snap shot by David Desharnais.
17:24 of 1st period - Shot Misses the Net.
17:26 of 1st period - Slapshot by Slava Voynov.
17:26 of 1st period - Deflect By Sven Andrighetto.
17:26 of 1st period - Shot Blocked by Andreas Athanasiou.
17:26 of 1st period - Puck is out of play.
17:27 of 1st period - Freddie Hamilton wins face-off versus Drew Shore in Punishers zone.
17:52 of 1st period - Martin Marincin is hit by Mattias Tedenby and loses puck.
18:19 of 1st period - Slapshot by Patrick Maroon.
18:19 of 1st period - Shot Misses the Net.
18:21 of 1st period - Slapshot by Patrick Maroon.
18:21 of 1st period - Shot Misses the Net.
18:23 of 1st period - Slapshot by Brett Pesce.
18:23 of 1st period - Deflect By Patrick Maroon.
18:23 of 1st period - Stopped by Louis Domingue without a rebound.
18:24 of 1st period - Drew Shore wins face-off versus Freddie Hamilton in Punishers zone.
18:47 of 1st period - Teemu Hartikainen is hit by David Laliberté and loses puck.
19:07 of 1st period - Snap shot by Nicolas Deslauriers.
19:07 of 1st period - Stopped by Louis Domingue with a rebound.
19:09 of 1st period - Snap shot by Devin Shore.
19:09 of 1st period - Goal by Devin Shore - Sasquatch : 3 - Punishers : 0.
19:10 of 1st period - Drew Shore wins face-off versus Nikita Gusev in neutral zone.
19:25 of 1st period - Snap shot by Jesper Fast.
19:25 of 1st period - Stopped by Louis Domingue without a rebound.
19:26 of 1st period - Sergey Kalinin wins face-off versus Andreas Athanasiou in Punishers zone.
19:30 of 1st period - Icing by Adam Pelech.
19:31 of 1st period - Sergey Kalinin wins face-off versus Andreas Athanasiou in Punishers zone.
19:32 of 1st period - Slapshot by Teemu Hartikainen.
19:32 of 1st period - Stopped by Louis Domingue with a rebound.
19:38 of 1st period - Wrist shot by Garret Ross.
19:38 of 1st period - Stopped by Corey Crawford with a rebound.
19:40 of 1st period - Slapshot by Andreas Athanasiou.
19:40 of 1st period - Goal by Andreas Athanasiou - Sasquatch : 3 - Punishers : 1.
19:41 of 1st period - Drew Shore wins face-off versus Andreas Athanasiou in neutral zone.
19:43 of 1st period - Off-side.
19:44 of 1st period - Drew Shore wins face-off versus Andreas Athanasiou in neutral zone.
19:47 of 1st period - Wrist shot by Ryan Dzingel.
19:47 of 1st period - Shot Misses the Net.
19:49 of 1st period - Snap shot by Drew Shore.
19:49 of 1st period - Shot Misses the Net.
19:51 of 1st period - Slapshot by Dougie Hamilton.
19:51 of 1st period - Shot Blocked by Stefan Elliott.
19:53 of 1st period - Wrist shot by Drew Shore.
19:53 of 1st period - Goal by Drew Shore - Sasquatch : 4 - Punishers : 1.
19:53 of 1st period - Daniel Altshuller enters game.
19:54 of 1st period - Freddie Hamilton wins face-off versus Drew Shore in neutral zone.
19:54 of 1st period - Freddie Hamilton is hit by Ryan Dzingel.
Goals for this period are 4 for Sasquatch vs 1 for Punishers.
Shots for this period are 17 for Sasquatch vs 7 for Punishers.
2nd period
0:01 of 2nd period - Drew Shore wins face-off versus Andreas Athanasiou in neutral zone.
0:08 of 2nd period - Slapshot by Dougie Hamilton.
0:08 of 2nd period - Stopped by Daniel Altshuller without a rebound.
0:09 of 2nd period - Drew Shore wins face-off versus Andreas Athanasiou in Punishers zone.
0:12 of 2nd period - Wrist shot by Drew Shore.
0:12 of 2nd period - Stopped by Daniel Altshuller with a rebound.
0:14 of 2nd period - Slapshot by Dougie Hamilton.
0:14 of 2nd period - Shot Misses the Net.
0:16 of 2nd period - Slapshot by Dougie Hamilton.
0:16 of 2nd period - Deflect By Drew Shore.
0:16 of 2nd period - Shot Misses the Net.
0:16 of 2nd period - Puck is out of play.
0:17 of 2nd period - Jesper Fast wins face-off versus Freddie Hamilton in Punishers zone.
1:08 of 2nd period - Backhand shot by Adam Pelech.
1:08 of 2nd period - Shot Blocked by Sergey Kalinin.
1:16 of 2nd period - Wrist shot by Garret Ross.
1:16 of 2nd period - Shot Blocked by Martin Marincin.
1:28 of 2nd period - Snap shot by Teemu Hartikainen.
1:28 of 2nd period - Shot Misses the Net.
1:46 of 2nd period - Slapshot by Drew Shore.
1:46 of 2nd period - Shot Misses the Net.
3:33 of 2nd period - Andreas Athanasiou is hit by Andrew Campbell and loses puck.
3:43 of 2nd period - Icing by Garret Ross.
3:44 of 2nd period - Garret Ross wins face-off versus Devin Shore in Punishers zone.
3:49 of 2nd period - Wrist shot by Andreas Athanasiou.
3:49 of 2nd period - Stopped by Corey Crawford with a rebound.
3:55 of 2nd period - Wrist shot by Miikka Salomaki.
3:55 of 2nd period - Shot Misses the Net.
4:20 of 2nd period - Minor Penalty to Garret Ross for Tripping.
4:21 of 2nd period - David Laliberté wins face-off versus Drew Shore in Punishers zone.
4:21 of 2nd period - David Laliberté is hit by Andrew Campbell.
4:36 of 2nd period - Slapshot by Dougie Hamilton.
4:36 of 2nd period - Deflect By Jesper Fast.
4:36 of 2nd period - Goal by Jesper Fast - Sasquatch : 5 - Punishers : 1.
4:37 of 2nd period - Andreas Athanasiou wins face-off versus Drew Shore in neutral zone.
4:40 of 2nd period - Wrist shot by David Laliberté.
4:40 of 2nd period - Shot Misses the Net.
5:06 of 2nd period - Wrist shot by Nicolas Deslauriers.
5:06 of 2nd period - Stopped by Daniel Altshuller without a rebound.
5:07 of 2nd period - Freddie Hamilton wins face-off versus Devin Shore in Punishers zone.
5:14 of 2nd period - Slapshot by Mattias Tedenby.
5:14 of 2nd period - Stopped by Corey Crawford without a rebound.
5:15 of 2nd period - Drew Shore wins face-off versus Freddie Hamilton in Sasquatch zone.
5:23 of 2nd period - Minor Penalty to Freddie Hamilton for Hooking.
5:24 of 2nd period - Drew Shore wins face-off versus David Laliberté in Punishers zone.
6:36 of 2nd period - Icing by Dougie Hamilton.
6:37 of 2nd period - Devin Shore wins face-off versus Miikka Salomaki in Sasquatch zone.
6:52 of 2nd period - Backhand shot by Drew Shore.
6:52 of 2nd period - Goal by Drew Shore - Sasquatch : 6 - Punishers : 1.
6:53 of 2nd period - Drew Shore wins face-off versus Andreas Athanasiou in neutral zone.
6:58 of 2nd period - Snap shot by Drew Shore.
6:58 of 2nd period - Stopped by Daniel Altshuller with a rebound.
7:00 of 2nd period - Snap shot by Ryan Dzingel.
7:00 of 2nd period - Stopped by Daniel Altshuller with a rebound.
7:02 of 2nd period - Wrist shot by Drew Shore.
7:02 of 2nd period - Stopped by Daniel Altshuller without a rebound.
7:03 of 2nd period - Ryan Dzingel wins face-off versus Andreas Athanasiou in Punishers zone.
7:16 of 2nd period - Snap shot by Drew Shore.
7:16 of 2nd period - Stopped by Daniel Altshuller with a rebound.
7:32 of 2nd period - Wrist shot by David Laliberté.
7:32 of 2nd period - Shot Misses the Net.
7:48 of 2nd period - Ryan Dzingel is hit by Andreas Athanasiou and loses puck.
9:38 of 2nd period - Snap shot by Drew Shore.
9:38 of 2nd period - Stopped by Daniel Altshuller with a rebound.
9:40 of 2nd period - Snap shot by Ryan Dzingel.
9:40 of 2nd period - Goal by Ryan Dzingel - Sasquatch : 7 - Punishers : 1.
9:41 of 2nd period - Sergey Kalinin wins face-off versus Freddie Hamilton in neutral zone.
9:44 of 2nd period - Freddie Hamilton is hit by Sergey Kalinin and loses puck.
10:07 of 2nd period - Nicolas Deslauriers is hit by Mattias Tedenby.
10:29 of 2nd period - Snap shot by Mattias Tedenby.
10:29 of 2nd period - Shot Misses the Net.
10:31 of 2nd period - Backhand shot by Freddie Hamilton.
10:31 of 2nd period - Shot Misses the Net.
11:13 of 2nd period - Tyler Bertuzzi is hit by Matt Halischuk and loses puck.
11:38 of 2nd period - Patrick Wiercioch is hit by Sergey Kalinin.
13:06 of 2nd period - Miikka Salomaki is hit by Dougie Hamilton and loses puck.
13:22 of 2nd period - Icing by Trevor Van Riemsdyk.
13:23 of 2nd period - Freddie Hamilton wins face-off versus David Desharnais in Punishers zone.
13:23 of 2nd period - Freddie Hamilton is hit by Patrick Maroon.
14:27 of 2nd period - Snap shot by Dan Bertram.
14:27 of 2nd period - Stopped by Corey Crawford without a rebound.
14:28 of 2nd period - Nicolas Deslauriers wins face-off versus Carter Ashton in Sasquatch zone.
14:28 of 2nd period - Nicolas Deslauriers is hit by Patrick Wiercioch.
14:29 of 2nd period - Minor Penalty to Nicolas Deslauriers for Roughing.
14:30 of 2nd period - Andreas Athanasiou wins face-off versus Drew Shore in Sasquatch zone.
14:39 of 2nd period - Snap shot by David Laliberté.
14:39 of 2nd period - Shot Blocked by Dougie Hamilton.
16:16 of 2nd period - Drew Shore is hit by Freddie Hamilton.
16:29 of 2nd period - Penalty to Nicolas Deslauriers is over, Nicolas Deslauriers is back on ice.
16:30 of 2nd period - Snap shot by Carter Ashton.
16:30 of 2nd period - Stopped by Corey Crawford without a rebound.
16:31 of 2nd period - Carter Ashton wins face-off versus David Desharnais in Sasquatch zone.
17:14 of 2nd period - Wrist shot by Petr Straka.
17:14 of 2nd period - Shot Misses the Net.
17:16 of 2nd period - Slapshot by Josh Morrissey.
17:16 of 2nd period - Deflect By Devin Shore.
17:16 of 2nd period - Shot Misses the Net.
17:16 of 2nd period - Puck is out of play.
17:17 of 2nd period - Freddie Hamilton wins face-off versus Devin Shore in Punishers zone.
17:22 of 2nd period - Snap shot by Nikita Gusev.
17:22 of 2nd period - Stopped by Corey Crawford with a rebound.
17:24 of 2nd period - Wrist shot by Freddie Hamilton.
17:24 of 2nd period - Deflect By Dougie Hamilton.
17:24 of 2nd period - Stopped by Corey Crawford without a rebound.
17:25 of 2nd period - Nikita Gusev wins face-off versus Drew Shore in Sasquatch zone.
17:30 of 2nd period - Wrist shot by Nikita Gusev.
17:30 of 2nd period - Stopped by Corey Crawford without a rebound.
17:31 of 2nd period - Drew Shore wins face-off versus Andreas Athanasiou in Sasquatch zone.
17:31 of 2nd period - Drew Shore is hit by Adam Pelech.
17:37 of 2nd period - Snap shot by David Laliberté.
17:37 of 2nd period - Shot Misses the Net.
17:39 of 2nd period - Slapshot by Adam Pelech.
17:39 of 2nd period - Stopped by Corey Crawford without a rebound.
17:40 of 2nd period - Drew Shore wins face-off versus Andreas Athanasiou in Sasquatch zone.
17:51 of 2nd period - Slapshot by Stefan Elliott.
17:51 of 2nd period - Stopped by Corey Crawford with a rebound.
17:53 of 2nd period - Slapshot by Stefan Elliott.
17:53 of 2nd period - Stopped by Corey Crawford with a rebound.
17:55 of 2nd period - Wrist shot by Andreas Athanasiou.
17:55 of 2nd period - Shot Blocked by Ryan Dzingel.
17:57 of 2nd period - Slapshot by Adam Pelech.
17:57 of 2nd period - Stopped by Corey Crawford with a rebound.
17:59 of 2nd period - Snap shot by David Laliberté.
17:59 of 2nd period - Stopped by Corey Crawford without a rebound.
18:00 of 2nd period - Sergey Kalinin wins face-off versus Freddie Hamilton in Sasquatch zone.
19:09 of 2nd period - Wrist shot by Stefan Elliott.
19:09 of 2nd period - Deflect By Miikka Salomaki.
19:09 of 2nd period - Stopped by Corey Crawford with a rebound.
19:39 of 2nd period - Stefan Elliott is hit by David Desharnais and loses puck.
Goals for this period are 3 for Sasquatch vs 0 for Punishers.
Shots for this period are 11 for Sasquatch vs 13 for Punishers.
3rd period
0:01 of 3rd period - Ryan Dzingel wins face-off versus Freddie Hamilton in neutral zone.
0:26 of 3rd period - Dougie Hamilton is hit by David Laliberté and loses puck.
2:21 of 3rd period - Snap shot by Jesper Fast.
2:21 of 3rd period - Stopped by Daniel Altshuller without a rebound.
2:22 of 3rd period - Sergey Kalinin wins face-off versus Miikka Salomaki in Punishers zone.
2:25 of 3rd period - Snap shot by Matt Halischuk.
2:25 of 3rd period - Deflect By Teemu Hartikainen.
2:25 of 3rd period - Shot Blocked by Tyler Bertuzzi.
2:25 of 3rd period - Puck is out of play.
2:26 of 3rd period - David Laliberté wins face-off versus Sergey Kalinin in Punishers zone.
3:00 of 3rd period - Wrist shot by Tyler Bertuzzi.
3:00 of 3rd period - Goal by Tyler Bertuzzi - Sasquatch : 7 - Punishers : 2.
3:01 of 3rd period - Freddie Hamilton wins face-off versus Drew Shore in neutral zone.
3:14 of 3rd period - Wrist shot by Jesper Fast.
3:14 of 3rd period - Shot Misses the Net.
5:39 of 3rd period - Snap shot by Petr Straka.
5:39 of 3rd period - Shot Misses the Net.
5:41 of 3rd period - Wrist shot by Devin Shore.
5:41 of 3rd period - Stopped by Daniel Altshuller with a rebound.
5:53 of 3rd period - Trevor Van Riemsdyk is hit by David Desharnais and loses puck.
6:13 of 3rd period - Icing by Tyler Bertuzzi.
6:14 of 3rd period - Andreas Athanasiou wins face-off versus Sergey Kalinin in Punishers zone.
6:37 of 3rd period - Slapshot by Slava Voynov.
6:37 of 3rd period - Stopped by Daniel Altshuller with a rebound.
6:39 of 3rd period - Snap shot by Ryan Dzingel.
6:39 of 3rd period - Stopped by Daniel Altshuller with a rebound.
6:47 of 3rd period - Snap shot by Jesper Fast.
6:47 of 3rd period - Shot Blocked by Freddie Hamilton.
6:49 of 3rd period - Snap shot by Jesper Fast.
6:49 of 3rd period - Shot Misses the Net.
7:01 of 3rd period - Snap shot by David Laliberté.
7:01 of 3rd period - Shot Misses the Net.
7:03 of 3rd period - Snap shot by Adam Pelech.
7:03 of 3rd period - Stopped by Corey Crawford with a rebound.
8:15 of 3rd period - David Laliberté is hit by Sergey Kalinin and loses puck.
8:53 of 3rd period - Adam Pelech is hit by Sven Andrighetto and loses puck.
9:15 of 3rd period - Josh Morrissey is hit by Garret Ross and loses puck.
9:28 of 3rd period - Wrist shot by Carter Ashton.
9:28 of 3rd period - Stopped by Corey Crawford with a rebound.
9:34 of 3rd period - Slapshot by Teemu Hartikainen.
9:34 of 3rd period - Stopped by Daniel Altshuller with a rebound.
9:36 of 3rd period - Snap shot by Sergey Kalinin.
9:36 of 3rd period - Stopped by Daniel Altshuller with a rebound.
9:38 of 3rd period - Snap shot by Teemu Hartikainen.
9:38 of 3rd period - Stopped by Daniel Altshuller with a rebound.
9:50 of 3rd period - Patrick Wiercioch is hit by Martin Marincin and loses puck.
10:19 of 3rd period - Patrick Maroon is hit by Andreas Athanasiou and loses puck.
10:39 of 3rd period - Slapshot by Martin Marincin.
10:39 of 3rd period - Stopped by Daniel Altshuller with a rebound.
11:03 of 3rd period - Slapshot by Dougie Hamilton.
11:03 of 3rd period - Deflect By Devin Shore.
11:03 of 3rd period - Shot Blocked by Trevor Van Riemsdyk.
11:03 of 3rd period - Puck is out of play.
11:04 of 3rd period - Andreas Athanasiou wins face-off versus Drew Shore in Punishers zone.
11:04 of 3rd period - Andreas Athanasiou is hit by Drew Shore.
11:32 of 3rd period - Wrist shot by Teemu Hartikainen.
11:32 of 3rd period - Stopped by Daniel Altshuller without a rebound.
11:33 of 3rd period - Andreas Athanasiou wins face-off versus Drew Shore in Punishers zone.
12:15 of 3rd period - Off-side.
12:16 of 3rd period - Mattias Tedenby wins face-off versus Devin Shore in neutral zone.
12:40 of 3rd period - Nicolas Deslauriers is hit by Miikka Salomaki and loses puck.
12:48 of 3rd period - Off-side.
12:49 of 3rd period - Andreas Athanasiou wins face-off versus Drew Shore in neutral zone.
12:53 of 3rd period - Off-side.
12:54 of 3rd period - Drew Shore wins face-off versus David Laliberté in neutral zone.
13:01 of 3rd period - Slapshot by Jesper Fast.
13:01 of 3rd period - Shot Misses the Net.
13:03 of 3rd period - Slapshot by Ryan Dzingel.
13:03 of 3rd period - Stopped by Daniel Altshuller with a rebound.
13:05 of 3rd period - Snap shot by Jesper Fast.
13:05 of 3rd period - Stopped by Daniel Altshuller with a rebound.
14:08 of 3rd period - Slapshot by Stefan Elliott.
14:08 of 3rd period - Shot Blocked by Josh Morrissey.
14:10 of 3rd period - Slapshot by Mattias Tedenby.
14:10 of 3rd period - Shot Blocked by Sven Andrighetto.
14:12 of 3rd period - Snap shot by Freddie Hamilton.
14:12 of 3rd period - Goal by Freddie Hamilton - Sasquatch : 7 - Punishers : 3.
14:13 of 3rd period - Drew Shore wins face-off versus Andreas Athanasiou in neutral zone.
15:12 of 3rd period - Nikita Gusev is hit by Dougie Hamilton and loses puck.
15:30 of 3rd period - Minor Penalty to Madison Bowey for Roughing.
15:31 of 3rd period - Ryan Dzingel wins face-off versus David Laliberté in Punishers zone.
15:33 of 3rd period - Wrist shot by Drew Shore.
15:33 of 3rd period - Shot Misses the Net.
15:35 of 3rd period - Snap shot by Slava Voynov.
15:35 of 3rd period - Goal by Slava Voynov - Sasquatch : 8 - Punishers : 3.
15:36 of 3rd period - Andreas Athanasiou wins face-off versus Drew Shore in neutral zone.
15:45 of 3rd period - Wrist shot by Garret Ross.
15:45 of 3rd period - Shot Misses the Net.
15:47 of 3rd period - Wrist shot by Garret Ross.
15:47 of 3rd period - Stopped by Corey Crawford without a rebound.
15:48 of 3rd period - Drew Shore wins face-off versus Andreas Athanasiou in Sasquatch zone.
16:15 of 3rd period - Snap shot by Nikita Gusev.
16:15 of 3rd period - Stopped by Corey Crawford without a rebound.
16:16 of 3rd period - Freddie Hamilton wins face-off versus Sergey Kalinin in Sasquatch zone.
16:25 of 3rd period - Snap shot by Nikita Gusev.
16:25 of 3rd period - Stopped by Corey Crawford with a rebound.
16:33 of 3rd period - Wrist shot by Mattias Tedenby.
16:33 of 3rd period - Shot Misses the Net.
16:58 of 3rd period - Snap shot by Slava Voynov.
16:58 of 3rd period - Shot Blocked by Jordan Schmaltz.
17:00 of 3rd period - Slapshot by Martin Marincin.
17:00 of 3rd period - Stopped by Daniel Altshuller without a rebound.
17:01 of 3rd period - Andreas Athanasiou wins face-off versus Drew Shore in Punishers zone.
17:08 of 3rd period - Snap shot by Garret Ross.
17:08 of 3rd period - Deflect By Andreas Athanasiou.
17:08 of 3rd period - Shot Misses the Net.
17:08 of 3rd period - Puck is out of play.
17:09 of 3rd period - Drew Shore wins face-off versus Garret Ross in Sasquatch zone.
17:27 of 3rd period - Snap shot by Jesper Fast.
17:27 of 3rd period - Goal by Jesper Fast - Sasquatch : 9 - Punishers : 3.
17:28 of 3rd period - Andreas Athanasiou wins face-off versus Drew Shore in neutral zone.
17:33 of 3rd period - Snap shot by Garret Ross.
17:33 of 3rd period - Shot Misses the Net.
17:35 of 3rd period - Wrist shot by David Laliberté.
17:35 of 3rd period - Stopped by Corey Crawford with a rebound.
17:53 of 3rd period - Adam Pelech is hit by Sergey Kalinin and loses puck.
18:25 of 3rd period - Snap shot by Slava Voynov.
18:25 of 3rd period - Stopped by Daniel Altshuller with a rebound.
19:06 of 3rd period - Wrist shot by Matt Halischuk.
19:06 of 3rd period - Stopped by Daniel Altshuller with a rebound.
19:41 of 3rd period - Icing by Miikka Salomaki.
19:42 of 3rd period - Drew Shore wins face-off versus Andreas Athanasiou in Punishers zone.
19:43 of 3rd period - Snap shot by Jesper Fast.
19:43 of 3rd period - Shot Misses the Net.
19:45 of 3rd period - Snap shot by Drew Shore.
19:45 of 3rd period - Goal by Drew Shore - Sasquatch : 10 - Punishers : 3.
19:46 of 3rd period - Drew Shore wins face-off versus Andreas Athanasiou in neutral zone.
19:46 of 3rd period - Drew Shore is hit by Garret Ross.
19:51 of 3rd period - Icing by Adam Pelech.
19:52 of 3rd period - Andreas Athanasiou wins face-off versus Drew Shore in Punishers zone.
19:52 of 3rd period - Andreas Athanasiou is hit by Drew Shore.
Goals for this period are 3 for Sasquatch vs 2 for Punishers.
Shots for this period are 17 for Sasquatch vs 8 for Punishers.
Back to the Top